APP
OREM OWLZ @ GREAT FALLS VOYAGERS
09/27/2046
 
TOP OF THE 1ST
Orem Owlz batting - Pitching for Great Falls Voyagers : RHP Alje Velders
Pitching: RHP Alje Velders
Batting: RHB Nick Lombardo 0-0: Ball
1-0: Ball
2-0: Ball
3-0: Called Strike
3-1: Foul Ball, location: 2F
3-2: Base on Balls
Batting: RHB Ricky Mejicanos 0-0: Ball
1-0: Swinging Strike
1-1: TRIPLE (Flyball, 78XD, EV 89.4 MPH)
Nick Lombardo scores
Batting: LHB Dave Hicks 0-0: Called Strike
0-1: Foul Ball, location: 2F
0-2: Strikes out swinging
Batting: RHB Peter Westover 0-0: Ball
1-0: Reached via error on a dropped throw from 1B, E1 (Groundball, 34S, EV 84.4 MPH)
Ricky Mejicanos scores
Batting: RHB Wilford Harper 0-0: Called Strike
Peter Westover steals 2nd base
0-1: Swinging Strike
0-2: Ground out 6-3 (Groundball, 6MD, EV 101.9 MPH)
Peter Westover to third
Batting: LHB Bill Girton 0-0: Ball
1-0: Ball
2-0: Ball
3-0: Base on Balls
Batting: RHB Trevor Kingston 0-0: Ball
1-0: Foul Ball, location: 2F
1-1: Foul Ball, location: 2F
1-2: Reached on error, E4 (Groundball, 34, EV 95.6 MPH)
Peter Westover scores
Bill Girton to second
Batting: RHB Rory Cobb 0-0: Called Strike
0-1: Foul Ball, location: 2F
0-2: Ball
1-2: Ball
2-2: Strikes out looking
Top of the 1st over - 3 runs, 1 hit, 2 errors, 2 left on base; Orem 3 - Great Falls 0
BOTTOM OF THE 1ST
Great Falls Voyagers batting - Pitching for Orem Owlz : RHP Getachew El Sayed
Pitching: RHP Getachew El Sayed
Batting: SHB Jay Gagnon 0-0: Called Strike
0-1: Foul Ball, location: 2F
0-2: Ball
1-2: Strikes out swinging, 2-3 out at first.
Batting: RHB Mike Rosa 0-0: Called Strike
0-1: Swinging Strike
0-2: Ball
1-2: Strikes out swinging
Batting: LHB Justin Stickney 0-0: Called Strike
0-1: Ground out 6-3 (Groundball, 6MD, EV 98.8 MPH)
Bottom of the 1st over - 0 runs, 0 hits, 0 errors, 0 left on base; Orem 3 - Great Falls 0
TOP OF THE 2ND
Orem Owlz batting - Pitching for Great Falls Voyagers : RHP Alje Velders
Batting: SHB David Vigo 0-0: Ball
1-0: Swinging Strike
1-1: Swinging Strike
1-2: Strikes out swinging
Batting: RHB Nick Lombardo 0-0: Called Strike
0-1: Ball
1-1: Ball
2-1: Foul Ball, location: 2F
2-2: Ball
3-2: Foul Ball, location: 2F
3-2: Base on Balls
Batting: RHB Ricky Mejicanos 0-0: Swinging Strike
0-1: Called Strike
0-2: Ball
1-2: Ball
2-2: Grounds into double play, 6-4-3 (Groundball, 6, EV 91.9 MPH)
Top of the 2nd over - 0 runs, 0 hits, 0 errors, 0 left on base; Orem 3 - Great Falls 0
BOTTOM OF THE 2ND
Great Falls Voyagers batting - Pitching for Orem Owlz : RHP Getachew El Sayed
Batting: LHB Jeff Alphonso 0-0: Called Strike
0-1: Ball
1-1: Ball
2-1: Fly out, F8 (Flyball, 8RM, EV 87.5 MPH)
Batting: RHB Andy Cotton 0-0: Ball
1-0: Ball
2-0: Ball
3-0: Called Strike
3-1: Foul Ball, location: 2F
3-2: Strikes out swinging
Batting: RHB David Rhodes 0-0: Ball
1-0: Ball
2-0: Called Strike
2-1: Called Strike
2-2: Ground out 6-3 (Groundball, 6M, EV 79.4 MPH)
Bottom of the 2nd over - 0 runs, 0 hits, 0 errors, 0 left on base; Orem 3 - Great Falls 0
TOP OF THE 3RD
Orem Owlz batting - Pitching for Great Falls Voyagers : RHP Alje Velders
Batting: LHB Dave Hicks 0-0: Called Strike
0-1: Ball
1-1: Ball
2-1: Called Strike
2-2: DOUBLE (Line Drive, 78D, EV 113.8 MPH)
Batting: RHB Peter Westover 0-0: Fly out, F4 (Popup, 3D, EV 65.0 MPH)
Batting: RHB Wilford Harper 0-0: Called Strike
0-1: Foul Ball, location: 2F
0-2: Ball
1-2: Strikes out swinging
Batting: LHB Bill Girton 0-0: Ball
1-0: Foul Ball, location: 2F
1-1: Ball
2-1: Ball
3-1: Base on Balls
Batting: RHB Trevor Kingston 0-0: Ball
1-0: Ball
2-0: Foul Ball, location: 2F
2-1: Swinging Strike
2-2: DOUBLE (Flyball, 89D, EV 111.9 MPH)
Dave Hicks scores
Bill Girton to third
Batting: RHB Rory Cobb 0-0: Ball
1-0: Fly out, F8 (Flyball, 8RD, EV 102.5 MPH)
Top of the 3rd over - 1 run, 2 hits, 0 errors, 2 left on base; Orem 4 - Great Falls 0
BOTTOM OF THE 3RD
Great Falls Voyagers batting - Pitching for Orem Owlz : RHP Getachew El Sayed
Batting: RHB Tommy Ellington 0-0: Ball
1-0: Ground out 5-3 (Groundball, 56S, EV 81.2 MPH)
Batting: RHB Mitch Cuadros 0-0: Called Strike
0-1: Ball
1-1: Ball
2-1: Ball
3-1: Base on Balls
Batting: RHB Billy Grubbs 0-0: Called Strike
0-1: Ball
1-1: Ball
2-1: Ball
3-1: Base on Balls
Mitch Cuadros to second
Batting: SHB Jay Gagnon 0-0: Ball
1-0: Swinging Strike
1-1: Swinging Strike
1-2: Ball
2-2: Ball
3-2: Strikes out swinging
Batting: RHB Mike Rosa 0-0: Ball
1-0: Ball
2-0: Foul Ball, location: 2F
2-1: Foul Ball, location: 2F
2-2: Fly out, F9 (Flyball, 9LD, EV 110.6 MPH)
Bottom of the 3rd over - 0 runs, 0 hits, 0 errors, 2 left on base; Orem 4 - Great Falls 0
TOP OF THE 4TH
Orem Owlz batting - Pitching for Great Falls Voyagers : RHP Alje Velders
Batting: SHB David Vigo 0-0: Called Strike
0-1: Ball
1-1: Swinging Strike
1-2: Strikes out swinging
Batting: RHB Nick Lombardo 0-0: Ball
1-0: Ball
2-0: Ball
3-0: Base on Balls
Batting: RHB Ricky Mejicanos 0-0: Ball
1-0: Ball
2-0: Ball
3-0: Called Strike
3-1: SINGLE (Groundball, 56D, EV 94.4 MPH)
Nick Lombardo to second
Runner from 2nd tries for 3rd, SAFE, throw by LF made to third
Ricky Mejicanos to second
Batting: LHB Dave Hicks 0-0: Foul Ball, location: 2F
0-1: Called Strike
0-2: Ball
1-2: Hit by Pitch
Batting: RHB Peter Westover 0-0: Ball
1-0: Ball
2-0: Foul Ball, location: 2F
2-1: Ball
3-1: Called Strike
3-2: Base on Balls
Nick Lombardo scores
Ricky Mejicanos to third
Dave Hicks to second
Batting: RHB Wilford Harper 0-0: Ball
1-0: Ball
2-0: Called Strike
2-1: Foul Ball, location: 2F
2-2: Ball
3-2: DOUBLE (Flyball, 78D, EV 108.1 MPH)
Ricky Mejicanos scores
Dave Hicks scores
Peter Westover to third
Pitching: LHP Ray Sowers
Batting: LHB Bill Girton 0-0: Called Strike
0-1: Foul Ball, location: 2F
0-2: Foul Ball, location: 2F
0-2: Ball
1-2: Ball
2-2: Foul Ball, location: 2F
2-2: Strikes out looking
Batting: RHB Trevor Kingston 0-0: Fly out, F9 (Flyball, 9, EV 90.6 MPH)
Top of the 4th over - 3 runs, 2 hits, 0 errors, 2 left on base; Orem 7 - Great Falls 0
BOTTOM OF THE 4TH
Great Falls Voyagers batting - Pitching for Orem Owlz : RHP Getachew El Sayed
Batting: LHB Justin Stickney 0-0: Ground out 6-3 (Groundball, 6, EV 89.4 MPH)
Batting: LHB Jeff Alphonso 0-0: Called Strike
0-1: Ball
1-1: Ball
2-1: Foul Ball, location: 2F
2-2: Ball
3-2: Strikes out looking
Batting: RHB Andy Cotton 0-0: Foul Ball, location: 2F
0-1: Ball
1-1: Ball
2-1: Foul Ball, location: 2F
2-2: Foul Ball, location: 2F
2-2: Ground out 1-3 (Groundball, 34S, EV 73.1 MPH)
Bottom of the 4th over - 0 runs, 0 hits, 0 errors, 0 left on base; Orem 7 - Great Falls 0
TOP OF THE 5TH
Orem Owlz batting - Pitching for Great Falls Voyagers : LHP Ray Sowers
Batting: RHB Rory Cobb 0-0: Called Strike
0-1: Swinging Strike
0-2: Ball
1-2: Ball
2-2: Strikes out swinging
Batting: SHB David Vigo 0-0: Ground out 5-3 (Groundball, 56S, EV 74.4 MPH)
Batting: RHB Nick Lombardo 0-0: Ball
1-0: Foul Ball, location: 2F
1-1: Ball
2-1: Ground out 5-3 (Groundball, 56S, EV 86.9 MPH)
Top of the 5th over - 0 runs, 0 hits, 0 errors, 0 left on base; Orem 7 - Great Falls 0
BOTTOM OF THE 5TH
Great Falls Voyagers batting - Pitching for Orem Owlz : RHP Getachew El Sayed
Batting: RHB David Rhodes 0-0: Ball
1-0: Foul Ball, location: 2F
1-1: Ball
2-1: Called Strike
2-2: SINGLE (Groundball, 6MD, EV 97.5 MPH)
Batting: RHB Tommy Ellington 0-0: Ball
1-0: Ball
2-0: Ball
3-0: Base on Balls
David Rhodes to second
Batting: RHB Mitch Cuadros 0-0: Ball
1-0: Called Strike
1-1: Foul Ball, location: 2F
1-2: Ball
2-2: Ball
Wild Pitch!
David Rhodes to third
Tommy Ellington to second
3-2: Base on Balls
Pitching: RHP Jim Sawicki
Batting: RHB Billy Grubbs 0-0: Ball
1-0: Called Strike
1-1: Swinging Strike
1-2: Fly out, F8 (Line Drive, 78M, EV 95.0 MPH)
Runner from 3rd tags up, SCORES, throw by CF
Tommy Ellington to third
Batting: SHB Jay Gagnon 0-0: Ball
1-0: Ball
2-0: Called Strike
2-1: Ball
3-1: Foul Ball, location: 2F
3-2: Base on Balls
Mitch Cuadros to second
Batting: RHB Mike Rosa 0-0: DOUBLE (Line Drive, 89M, EV 102.5 MPH)
Tommy Ellington scores
Mitch Cuadros scores
Jay Gagnon to third
Batting: LHB Justin Stickney 0-0: Ball
1-0: Reached on error, E4 (Groundball, 4, EV 86.9 MPH)
Jay Gagnon scores
Mike Rosa scores
Batting: LHB Jeff Alphonso 0-0: Ball
1-0: Ball
2-0: Ball
3-0: Base on Balls
Batting: RHB Andy Cotton 0-0: Ball
1-0: Fly out, F2 (Popup, 2LF, EV 83.8 MPH)
Batting: RHB David Rhodes 0-0: Ball
1-0: Ball
2-0: DOUBLE (Flyball, 9LD, EV 95.6 MPH)
Justin Stickney scores
Jeff Alphonso to third
Runner from 3rd tries for Home, throw by RF and OUT! 9-2
Bottom of the 5th over - 6 runs, 3 hits, 1 error, 1 left on base; Orem 7 - Great Falls 6
TOP OF THE 6TH
Orem Owlz batting - Pitching for Great Falls Voyagers : LHP Ray Sowers
Batting: RHB Ricky Mejicanos 0-0: Foul Ball, location: 2F
0-1: Foul Ball, location: 2F
0-2: Ball
1-2: Ball
2-2: Ball
3-2: Strikes out swinging
Batting: LHB Dave Hicks 0-0: Called Strike
0-1: Swinging Strike
0-2: SINGLE (Line Drive, 56D, EV 95.0 MPH)
Batting: RHB Peter Westover Balk!
Dave Hicks to second
0-0: Ground out 5-3 (Groundball, 56, EV 80.6 MPH)
Batting: RHB Wilford Harper 0-0: Ball
1-0: Ball
2-0: Ball
3-0: Called Strike
3-1: Base on Balls
Pitching: LHP Don Stanford
Batting: LHB Bill Girton 0-0: Ball
1-0: Ball
2-0: Foul Ball, location: 2F
2-1: Swinging Strike
2-2: Ball
3-2: Foul Ball, location: 2F
3-2: Base on Balls
Dave Hicks to third
Wilford Harper to second
Batting: RHB Trevor Kingston 0-0: Called Strike
0-1: Ground out 6-3 (Groundball, 56, EV 101.2 MPH)
Top of the 6th over - 0 runs, 1 hit, 0 errors, 3 left on base; Orem 7 - Great Falls 6
BOTTOM OF THE 6TH
Great Falls Voyagers batting - Pitching for Orem Owlz : RHP Jim Sawicki
Batting: RHB Tommy Ellington 0-0: Ball
1-0: DOUBLE (Flyball, 78XD, EV 116.9 MPH)
Batting: RHB Mitch Cuadros 0-0: Foul Ball, location: 2F
0-1: Foul Ball, location: 2F
0-2: Ball
1-2: Foul Ball, location: 2F
1-2: Foul Ball, location: 2F
1-2: Hit by Pitch
Pitching: RHP Josh Reynolds
Batting: RHB Billy Grubbs 0-0: Called Strike
0-1: Ball
1-1: Fielders Choice at 2nd, 6-4 (Groundball, 56, EV 79.4 MPH)
Tommy Ellington to third
Batting: SHB Jay Gagnon 0-0: Ball
1-0: Fielders Choice at 2nd, 4-6 (Groundball, 4, EV 96.9 MPH)
Tommy Ellington scores
Batting: RHB Mike Rosa 0-0: Ball
1-0: Ball
Jay Gagnon steals 2nd base (no throw)
2-0: Called Strike
2-1: Swinging Strike
2-2: Ball
3-2: Base on Balls
Batting: LHB Justin Stickney 0-0: Ball
1-0: Ground out 2-3 (Groundball, 2R, EV 72.5 MPH)
Bottom of the 6th over - 1 run, 1 hit, 0 errors, 2 left on base; Orem 7 - Great Falls 7
TOP OF THE 7TH
Orem Owlz batting - Pitching for Great Falls Voyagers : LHP Don Stanford
Pinch Hitting: RHB Sean Rocha 0-0: DOUBLE (Line Drive, 9LM, EV 100.0 MPH)
Batting: SHB David Vigo 0-0: Called Strike
0-1: Swinging Strike
0-2: Fly out, F8 (Flyball, 8LD, EV 77.5 MPH)
Batting: RHB Nick Lombardo 0-0: Called Strike
0-1: Ball
Wild Pitch!
Sean Rocha to third
1-1: Foul Ball, location: 2F
1-2: Ball
Wild Pitch!
Sean Rocha scores
2-2: Fly out, F2 (Popup, 13S, EV 80.6 MPH)
Batting: RHB Ricky Mejicanos 0-0: Ball
1-0: Called Strike
1-1: Ball
2-1: Ball
3-1: Foul Ball, location: 2F
3-2: Base on Balls
Batting: LHB Dave Hicks 0-0: Ball
Ricky Mejicanos is caught stealing 2nd base 2-6
Top of the 7th over - 1 run, 1 hit, 0 errors, 0 left on base; Orem 8 - Great Falls 7
BOTTOM OF THE 7TH
Great Falls Voyagers batting - Pitching for Orem Owlz : RHP Josh Reynolds
Now in CF: Alberto Carrillo
Batting: LHB Jeff Alphonso 0-0: Ball
1-0: Ball
2-0: Foul Ball, location: 2F
2-1: Foul Ball, location: 2F
2-2: Ball
3-2: Foul Ball, location: 2F
3-2: Base on Balls
Batting: RHB Andy Cotton 0-0: Hit by Pitch
Jeff Alphonso to second
Pinch Hitting: SHB Ethan Villalobos 0-0: Ball
1-0: Ball
2-0: Foul Ball, location: 2F
2-1: Ball
Wild Pitch!
Jeff Alphonso to third
Andy Cotton to second
3-1: Base on Balls
Batting: RHB Tommy Ellington 0-0: Called Strike
0-1: Ball
1-1: Ball
2-1: Ball
3-1: Foul Ball, location: 2F
3-2: Foul Ball, location: 2F
3-2: Base on Balls
Jeff Alphonso scores
Andy Cotton to third
Ethan Villalobos to second
Batting: RHB Mitch Cuadros 0-0: Called Strike
0-1: Ball
1-1: Foul Ball, location: 2F
1-2: Strikes out swinging
Batting: RHB Billy Grubbs 0-0: GRAND SLAM HOME RUN (Flyball, 78XD, EV 99.4 MPH), Distance : 400 ft
Pitching: LHP Mark Sanders
Batting: SHB Jay Gagnon 0-0: Fly out, F7 (Flyball, 78S, EV 90.6 MPH)
Batting: RHB Mike Rosa 0-0: Ball
1-0: Foul Ball, location: 2F
1-1: Foul Ball, location: 2F
1-2: Ball
2-2: Fly out, F4 (Popup, 34S, EV 79.4 MPH)
Bottom of the 7th over - 5 runs, 1 hit, 0 errors, 0 left on base; Orem 8 - Great Falls 12
TOP OF THE 8TH
Orem Owlz batting - Pitching for Great Falls Voyagers : LHP Don Stanford
Now at 1B: Vladmiri Nugaibekov
Batting: LHB Dave Hicks 0-0: Ball
1-0: Ball
2-0: Foul Ball, location: 2F
2-1: Ball
3-1: Foul Ball, location: 2F
3-2: Base on Balls
Batting: RHB Peter Westover 0-0: SINGLE (Line Drive, 9S, EV 102.5 MPH)
Dave Hicks to second
Batting: RHB Wilford Harper 0-0: Ball
1-0: Foul Ball, location: 2F
1-1: Ball
2-1: Foul Ball, location: 2F
2-2: DOUBLE (Line Drive, 7LM, EV 111.2 MPH)
Dave Hicks scores
Peter Westover to third
Pinch Hitting: RHB Dan Burkhart 0-0: Ball
Wild Pitch!
Peter Westover scores
Wilford Harper to third
1-0: Foul Ball, location: 2F
1-1: Swinging Strike
1-2: Strikes out swinging
Pitching: LHP Yusufu Mustafa
Batting: RHB Trevor Kingston 0-0: Ball
1-0: Ball
2-0: Called Strike
2-1: Foul Ball, location: 2F
2-2: Strikes out looking
Batting: LHB Alberto Carrillo 0-0: 2-RUN HOME RUN (Flyball, 7D, EV 98.1 MPH), Distance : 379 ft
Batting: SHB David Vigo 0-0: Swinging Strike
0-1: Called Strike
0-2: Ball
1-2: Strikes out swinging
Top of the 8th over - 4 runs, 3 hits, 0 errors, 0 left on base; Orem 12 - Great Falls 12
BOTTOM OF THE 8TH
Great Falls Voyagers batting - Pitching for Orem Owlz : LHP Mark Sanders
Now at 2B: Winikeneke Keikemamake
Now in CF: Trevor Kingston
Now in RF: Alberto Carrillo
Batting: LHB Justin Stickney 0-0: Called Strike
0-1: Ball
1-1: Called Strike
1-2: Ball
2-2: Ball
3-2: Foul Ball, location: 2F
3-2: Ground out U3 (Groundball, 3L, EV 100.0 MPH)
Batting: LHB Jeff Alphonso 0-0: SINGLE (Line Drive, 34, EV 100.0 MPH)
Batting: RHB Andy Cotton 0-0: Called Strike
0-1: Ball
1-1: Ball
Wild Pitch!
Jeff Alphonso to second
2-1: Intentional Walk
Batting: RHB Vladmiri Nugaibekov 0-0: Foul Ball, location: 2F
0-1: Ball
1-1: DOUBLE (Groundball, 5L, EV 105.6 MPH)
Jeff Alphonso scores
Andy Cotton to third
Pitching: RHP Josh Brewer
Batting: RHB Tommy Ellington 0-0: Called Strike
0-1: Ground out 5-3 (Groundball, 56S, EV 88.1 MPH)
Batting: RHB Mitch Cuadros 0-0: Ball
1-0: Ground out 4-3 (Groundball, 4, EV 90.0 MPH)
Bottom of the 8th over - 1 run, 2 hits, 0 errors, 2 left on base; Orem 12 - Great Falls 13
TOP OF THE 9TH
Orem Owlz batting - Pitching for Great Falls Voyagers : LHP Yusufu Mustafa
Batting: RHB Nick Lombardo 0-0: Foul Ball, location: 2F
0-1: Ball
1-1: Ball
2-1: Ball
3-1: Called Strike
3-2: Strikes out looking
Batting: RHB Ricky Mejicanos 0-0: Swinging Strike
0-1: Foul Ball, location: 2F
0-2: Ball
1-2: SINGLE (Line Drive, 8RS, EV 106.9 MPH)
Batting: LHB Dave Hicks 0-0: Foul Ball, location: 2F
0-1: Foul Ball, location: 2F
0-2: Strikes out looking
Batting: RHB Peter Westover 0-0: Swinging Strike
0-1: Ball
1-1: Fly out, F8 (Flyball, 8RD, EV 86.9 MPH)
Top of the 9th over - 0 runs, 1 hit, 0 errors, 1 left on base; Orem 12 - Great Falls 13
Tuesday, September 13th , 2022 - OOTP Baseball 23.7 Build 88